[Event "Titled Tuesday Blitz February 21 Early 2023"]
[White "Ardila, Oscar Humberto"]
[Black "Calcada, Lucas Galvan"]
[WhiteFideId "4404742"]
[BlackFideId "22746099"]
[WhiteElo "1982"]
[BlackElo "1739"]
[Result "0-1"]
[Round "10"]
[TimeControl "180+2"]
[Date "2023.02.21"]
[WhiteClock "0:01:11"]
[BlackClock "0:01:06"]

1. d4 Nf6 2. c4 e6 3. Nc3 d5 4. cxd5 exd5 5. Bg5 Be7 6. Nf3 O-O 7. e3 Bf5 8. Be2 c6 9. O-O Nbd7 10. Rc1 Re8 11. Na4 Nf8 12. Ne5 Ne6 13. Bh4 Ne4 14. Bxe7 Qxe7 15. Nc3 f6 16. Nf3 N6g5 17. Nxe4 Nxe4 18. Nd2 Qe6 19. Nxe4 Bxe4 20. Bf3 f5 21. g3 Bxf3 22. Qxf3 Qe4 23. Kg2 Re6 24. b4 a6 25. a4 Rae8 26. Qxe4 fxe4 27. Rb1 Rf6 28. Rb2 Ref8 29. b5 axb5 30. axb5 h5 31. bxc6 bxc6 32. h4 Rf3 33. Rc1 R8f6 34. Rc5 Kh7 35. Rbc2 g6 36. Kg1 Kh6 37. Rxc6 Rxf2 38. Rxf2 Rxc6 39. Rf6 Rxf6 0-1


[Site "https://www.chess.com"]

[Event "Titled Tuesday Blitz February 21 Early 2023"]
[White "Jaivardhan Raj"]
[Black "Broca Jimenez, Fernando"]
[WhiteFideId "25744437"]
[BlackFideId "5104742"]
[WhiteElo "1901"]
[BlackElo "2075"]
[Result "1-0"]
[Round "10"]
[TimeControl "180+2"]
[Date "2023.02.21"]
[WhiteClock "0:00:26"]
[BlackClock "0:00:01"]

1. e4 c5 2. Nf3 g6 3. d4 cxd4 4. Qxd4 Nf6 5. Nc3 Nc6 6. Qa4 Bg7 7. e5 Ng8 8. Bf4 Nh6 9. O-O-O O-O 10. h3 Qa5 11. Qxa5 Nxa5 12. Nd5 Nc6 13. Bb5 e6 14. Ne3 Nf5 15. Nxf5 gxf5 16. g4 fxg4 17. hxg4 f6 18. Bxc6 bxc6 19. Bh6 fxe5 20. Bxg7 Rxf3 21. Bxe5 Rxf2 22. Rh6 d5 23. Rdh1 Rf7 24. Rg6+ Kf8 25. Rgh6 Ba6 26. Rxh7 Rxh7 27. Rxh7 Re8 28. g5 Be2 29. g6 Kg8 30. Rh8# 1-0


[Site "https://www.chess.com"]

[Event "Titled Tuesday Blitz February 21 Early 2023"]
[White "Castillo Pena, Patricia Evarista"]
[Black "Thomas, Anysia"]
[WhiteFideId "6412106"]
[BlackFideId "670472"]
[WhiteElo "1783"]
[BlackElo "2147"]
[Result "1-0"]
[Round "10"]
[TimeControl "180+2"]
[Date "2023.02.21"]
[WhiteClock "0:00:05"]
[BlackClock "0:00:01"]

1. d4 Nf6 2. Nf3 g6 3. Nc3 d5 4. Bf4 Bg7 5. e3 O-O 6. Be2 c5 7. Ne5 Nc6 8. a3 Qb6 9. Nxc6 Qxc6 10. Be5 Be6 11. O-O a6 12. dxc5 Qxc5 13. Qd4 Qxd4 14. Bxd4 Rac8 15. Rfd1 b5 16. Bf3 Rfd8 17. Rac1 h5 18. h3 Kh7 19. Rd2 Bf5 20. Rcd1 e6 21. Bxf6 Bxf6 22. g4 hxg4 23. hxg4 Be4 24. Bxe4 dxe4 25. Rxd8 Bxd8 26. Nxe4 Bh4 27. c3 Kg7 28. Rd7 Rc6 29. Nd6 g5 30. Nxf7 Kf6 31. Nd6 a5 32. Ne4+ Ke5 33. Ng3 Rc4 34. Ne2 Rxg4+ 35. Kf1 Kf6 36. Nd4 Re4 37. Rd6 Re5 38. Nc6 1-0


[Site "https://www.chess.com"]

[Event "Titled Tuesday Blitz February 21 Early 2023"]
[White "Jesusesmifuerza"]
[Black "Buscar, Michael"]
[BlackFideId "2603616"]
[WhiteElo "2002"]
[BlackElo "2041"]
[Result "0-1"]
[Round "10"]
[TimeControl "180+2"]
[Date "2023.02.21"]
[WhiteClock "0:00:20"]
[BlackClock "0:01:37"]

1. d4 Nf6 2. Bg5 g6 3. Bxf6 exf6 4. e3 d5 5. g3 Bd6 6. Bg2 c6 7. Ne2 h5 8. h4 Bg4 9. Nd2 Qb6 10. Rb1 Nd7 11. c4 dxc4 12. Nxc4 Bb4+ 13. Kf1 Qa6 14. Qb3 Nb6 15. Rc1 Be7 16. f3 Be6 17. Nxb6 Bxb3 18. Nxa8 O-O 19. Nc7 Qb6 20. axb3 Qxc7 21. Kf2 Qb6 22. Rc3 Re8 23. Rd1 Bb4 24. Rcd3 Bd6 25. d5 cxd5 26. Rxd5 Qxe3+ 27. Kf1 Qxe2+ 28. Kg1 Bxg3 29. Rd8 Rxd8 30. Rxd8+ Kg7 0-1


[Site "https://www.chess.com"]

[Event "Titled Tuesday Blitz February 21 Early 2023"]
[White "Ghosh, Chanchal Kumer"]
[Black "Clawitter, Craig"]
[WhiteFideId "10201858"]
[BlackFideId "2023105"]
[WhiteElo "2020"]
[BlackElo "2050"]
[Result "1-0"]
[Round "10"]
[TimeControl "180+2"]
[Date "2023.02.21"]
[WhiteClock "0:00:38"]
[BlackClock "0:00:08"]

1. e4 e6 2. Nf3 d5 3. Nc3 Nf6 4. e5 Nfd7 5. d4 c5 6. Bg5 Qb6 7. dxc5 Bxc5 8. Qd2 Nc6 9. Bb5 O-O 10. Bxc6 bxc6 11. O-O Qxb2 12. Rab1 Qa3 13. Rb3 Qa5 14. Qf4 Ba6 15. Rd1 Bc4 16. Rb7 Qxc3 17. Rxd7 Qxc2 18. Rc1 Qxf2+ 19. Kh1 Bf1 20. Qg4 Be2 21. Bh6 g6 22. Qf4 Bxf3 23. gxf3 Bb6 24. Qf6 1-0


[Site "https://www.chess.com"]

[Event "Titled Tuesday Blitz February 21 Early 2023"]
[White "Bongo Akanga Ndjila, Barthelemy"]
[Black "Sabar, Ethmane Daouda"]
[WhiteFideId "10609431"]
[BlackFideId "19600097"]
[WhiteElo "1824"]
[BlackElo "2040"]
[Result "0-1"]
[Round "10"]
[TimeControl "180+2"]
[Date "2023.02.21"]
[WhiteClock "0:01:07"]
[BlackClock "0:01:32"]

1. d4 d5 2. c4 e5 3. dxe5 d4 4. Nf3 Nc6 5. g3 Bg4 6. Bg2 Qd7 7. h3 Bf5 8. g4 Bg6 9. O-O h5 10. g5 h4 11. Qa4 Bf5 12. Kh2 f6 13. gxf6 gxf6 14. Bf4 fxe5 15. Bg5 e4 16. Nxh4 Bd6+ 17. Kg1 Bxh3 18. Bxe4 Qg4+ 19. Ng2 Qxe4 20. Qb3 Qxg2# 0-1


[Site "https://www.chess.com"]

[Event "Titled Tuesday Blitz February 21 Early 2023"]
[White "Suduvasachmatai"]
[Black "Seifert, Henryk"]
[BlackFideId "1100963"]
[WhiteElo "2100"]
[BlackElo "2106"]
[Result "0-1"]
[Round "10"]
[TimeControl "180+2"]
[Date "2023.02.21"]
[WhiteClock "0:00:37"]
[BlackClock "0:00:04"]

1. e4 e6 2. d4 d5 3. e5 c5 4. c3 Nc6 5. Nf3 Qb6 6. Bd3 cxd4 7. cxd4 Bd7 8. Bc2 Nb4 9. O-O Nxc2 10. Qxc2 Rc8 11. Nc3 Ne7 12. Qb3 Qxb3 13. axb3 a6 14. Bf4 Nc6 15. Na4 Be7 16. Nb6 Rd8 17. h3 h6 18. Rfc1 O-O 19. Rc3 Bb4 20. Rd3 Ba5 21. Na4 b6 22. Bd2 Rb8 23. Bxa5 Nxa5 24. Nxb6 Rxb6 25. Rxa5 Rfb8 26. Ra3 g5 27. Nd2 Kg7 28. Rc3 R8b7 29. Ra5 Rb4 30. Rac5 Rxd4 31. Nf3 Rdb4 32. Nd2 Bb5 33. Rc7 Rxc7 34. Rxc7 Kg6 35. g4 h5 36. f3 h4 37. Kf2 Rd4 38. Nb1 Rd1 39. Nc3 Rd2+ 40. Ke3 Rxb2 41. Nxb5 axb5 42. Rc3 b4 43. Rd3 f6 44. Kd4 f5 45. Kc5 Rh2 46. Kxb4 Rxh3 47. Kc5 fxg4 48. b4 Rxf3 49. Rd4 g3 50. Kd6 g2 51. Rg4 Rg3 0-1


[Site "https://www.chess.com"]

[Event "Titled Tuesday Blitz February 21 Early 2023"]
[White "Desideri, Ricardo Maruchi"]
[Black "Vargas, Mauricio"]
[WhiteFideId "2110440"]
[BlackFideId "4404572"]
[WhiteElo "1959"]
[BlackElo "2035"]
[Result "1-0"]
[Round "10"]
[TimeControl "180+2"]
[Date "2023.02.21"]
[WhiteClock "0:01:23"]
[BlackClock "0:00:05"]

1. e4 e5 2. f4 Nc6 3. c3 exf4 4. d4 d5 5. e5 Nge7 6. Bxf4 Ng6 7. Bg3 Bf5 8. Nf3 Qd7 9. Bb5 a6 10. Ba4 b5 11. Bc2 Be7 12. O-O Bg4 13. Nbd2 O-O-O 14. a4 b4 15. Qe2 Kb7 16. Nb3 Ka7 17. a5 f6 18. Bd3 fxe5 19. dxe5 Nb8 20. Bf2+ Ka8 21. Bxa6 bxc3 22. bxc3 Bxf3 23. gxf3 Qf5 24. Qb5 1-0


[Site "https://www.chess.com"]

[Event "Titled Tuesday Blitz February 21 Early 2023"]
[White "Zhao, Harry"]
[Black "Manukian, Artak"]
[WhiteFideId "2620413"]
[BlackFideId "13301373"]
[WhiteElo "1981"]
[BlackElo "2196"]
[Result "0-1"]
[Round "10"]
[TimeControl "180+2"]
[Date "2023.02.21"]
[WhiteClock "0:01:04"]
[BlackClock "0:01:14"]

1. d4 d5 2. Nf3 Nf6 3. e3 Bg4 4. h3 Bh5 5. g4 Bg6 6. Ne5 Nbd7 7. h4 h5 8. Nxg6 fxg6 9. Bd3 Kf7 10. g5 Ne4 11. Qf3+ Kg8 12. Bxe4 dxe4 13. Qxe4 Kh7 14. Qxb7 e5 15. d5 Nc5 16. Qc6 Rb8 17. d6 Bxd6 18. Nc3 e4 19. Nxe4 Nxe4 20. Qxe4 Re8 21. Qd3 Qe7 22. Rb1 Qe6 23. b3 Bb4+ 24. Bd2 Red8 25. Qxd8 Rxd8 26. Bxb4 Qe4 0-1


[Site "https://www.chess.com"]

[Event "Titled Tuesday Blitz February 21 Early 2023"]
[White "Le, Tuan Minh"]
[Black "Caruana, Fabiano"]
[WhiteFideId "12401153"]
[BlackFideId "2020009"]
[WhiteElo "2542"]
[BlackElo "2764"]
[Result "1/2-1/2"]
[Round "11"]
[TimeControl "180+2"]
[Date "2023.02.21"]
[WhiteClock "0:00:07"]
[BlackClock "0:00:18"]

1. d4 Nf6 2. Nf3 d5 3. Bg5 Ne4 4. Bf4 c6 5. Nbd2 Bf5 6. e3 e6 7. Nxe4 Bxe4 8. Bd3 Bxd3 9. Qxd3 Nd7 10. O-O Be7 11. e4 O-O 12. c3 Nf6 13. e5 Ne4 14. Ne1 f6 15. f3 fxe5 16. Bxe5 Nd6 17. Qe2 Qd7 18. Nd3 Nf7 19. Rae1 Rae8 20. f4 Nxe5 21. Qxe5 Bd6 22. Qh5 Qf7 23. Qf3 Qg6 24. Re3 Rf6 25. Ne5 Bxe5 26. Rxe5 Ref8 27. g3 Qc2 28. Re2 Qf5 29. Qe3 Qg4 30. Ref2 h5 31. Qf3 Qxf3 32. Rxf3 g5 33. Kg2 gxf4 34. Kh3 Kg7 35. gxf4 R8f7 36. Kh4 Rf5 37. h3 b6 38. Kg3 c5 39. Rd1 a5 40. a4 Kf6 41. Rd2 Rg7+ 42. Kh2 h4 43. Rg2 cxd4 44. cxd4 Rc7 45. Re2 Rc4 46. Rfe3 Rc6 47. Rf3 Kf7 48. b3 Ke7 49. Kg2 Kd6 50. Kf2 Rf6 51. Kg2 Rc8 52. Rfe3 Rg8+ 53. Kh2 Rgg6 54. Rf3 Rf5 55. Rc2 Rgf6 56. Rcf2 Rf7 57. Kg2 R5f6 58. Kf1 Rg7 59. Ke2 Rfg6 60. f5 exf5 61. Rxf5 Re6+ 62. Kd2 Rg3 63. R5f3 Reg6 64. Ke3 Ke6 65. Ke2 Rg2 66. Re3+ Kd6 67. Rf3 R2g5 68. Rf6+ Ke7 69. Rf7+ Ke6 70. R7f3 Rg3 71. Ke3 Rxf3+ 72. Rxf3 Rg2 73. Kf4 Rd2 74. Ke3 Rd1 75. Rf4 Rb1 76. Rxh4 Rxb3+ 77. Kf4 Rb4 78. Rh6+ Kf7 79. Ke5 Rxa4 80. Rxb6 Ra3 81. h4 Rh3 82. Rh6 Kg7 83. Ra6 Rxh4 84. Rxa5 Kf7 85. Ra7+ Ke8 86. Kxd5 Kd8 87. Kc5 Rh5+ 88. Kd6 Rh6+ 89. Kc5 Rh5+ 90. d5 Rh6 91. Rg7 Rf6 92. Kd4 Ra6 93. Ke5 Rh6 94. d6 Rh1 95. Ke6 Re1+ 96. Kd5 Rd1+ 97. Ke6 Re1+ 98. Kd5 Rd1+ 99. Ke6 Re1+ 1/2-1/2


[Site "https://www.chess.com"]

[Event "Titled Tuesday Blitz February 21 Early 2023"]
[White "Daneshvar, Bardiya"]
[Black "Nakamura, Hikaru"]
[WhiteFideId "12576468"]
[BlackFideId "2016192"]
[WhiteElo "2540"]
[BlackElo "2775"]
[Result "0-1"]
[Round "11"]
[TimeControl "180+2"]
[Date "2023.02.21"]
[WhiteClock "0:00:05"]
[BlackClock "0:00:13"]

1. d4 d6 2. Nf3 f5 3. Nc3 Nf6 4. Bg5 g6 5. Bxf6 exf6 6. d5 c5 7. e3 a6 8. a4 Nd7 9. h4 Bh6 10. g3 Ne5 11. Nd2 Bd7 12. Be2 O-O 13. f4 Ng4 14. Bxg4 fxg4 15. a5 f5 16. Nc4 Qc7 17. Nb6 Rae8 18. Kf2 Bb5 19. Qd2 Re7 20. Rae1 Rfe8 21. b3 Bg7 22. Rh2 Bf6 23. Rhh1 Qd8 24. Kg2 Qc7 25. Kh2 Kg7 26. Kg2 Kh8 27. Kh2 Kg8 28. Kg2 c4 29. b4 Rf7 30. e4 Rfe7 31. exf5 gxf5 32. Rhf1 Kf7 33. Rh1 h6 34. Rhf1 Qd8 35. Rh1 Bxc3 36. Qxc3 Re2+ 37. Rxe2 Rxe2+ 38. Kf1 Qe8 39. Nc8 Kg6 40. Nxd6 Qe3 41. h5+ Kh7 42. Qxe3 Rxe3 43. Nxf5 c3+ 44. Kg2 Re2+ 45. Kg1 Rxc2 46. Rh2 Rxh2 0-1


[Site "https://www.chess.com"]

[Event "Titled Tuesday Blitz February 21 Early 2023"]
[White "Lazavik, Denis"]
[Black "Sarana, Alexey"]
[WhiteFideId "13515110"]
[BlackFideId "24133795"]
[WhiteElo "2544"]
[BlackElo "2685"]
[Result "1/2-1/2"]
[Round "11"]
[TimeControl "180+2"]
[Date "2023.02.21"]
[WhiteClock "0:00:08"]
[BlackClock "0:00:23"]

1. d4 Nf6 2. c4 e6 3. Nf3 d5 4. g3 Bb4+ 5. Bd2 Be7 6. Bg2 c6 7. O-O Nbd7 8. Qc2 h6 9. Rd1 O-O 10. Bf4 a5 11. Ne5 Nh5 12. Bc1 Nhf6 13. Bf4 Nh5 14. Bc1 a4 15. Nc3 Qa5 16. e4 Nhf6 17. cxd5 cxd5 18. exd5 exd5 19. Bd2 Bb4 20. a3 Bxc3 21. Bxc3 Qb6 22. Re1 Re8 23. Rad1 Nf8 24. Bb4 Be6 25. Bc5 Qc7 26. Qd3 N8d7 27. Bb4 Rec8 28. h4 Qc2 29. Qxc2 Rxc2 30. Bc3 Nxe5 31. dxe5 Ne4 32. Rxe4 dxe4 33. Bxe4 Rxc3 34. bxc3 Rc8 35. Rd3 b6 36. f3 g6 37. Kf2 Rc5 38. f4 Rb5 39. Ke3 h5 40. Bc6 Rb3 41. Bxa4 Rxa3 42. Bb5 Kg7 43. c4 Ra1 44. Rd6 Ra3+ 45. Rd3 Ra1 46. Rd6 Ra3+ 47. Rd3 1/2-1/2


[Site "https://www.chess.com"]

[Event "Titled Tuesday Blitz February 21 Early 2023"]
[White "Ter-Sahakyan, Samvel"]
[Black "Dubov, Daniil"]
[WhiteFideId "13302531"]
[BlackFideId "24126055"]
[WhiteElo "2617"]
[BlackElo "2708"]
[Result "1-0"]
[Round "11"]
[TimeControl "180+2"]
[Date "2023.02.21"]
[WhiteClock "0:00:11"]
[BlackClock "0:00:01"]

1. d4 Nf6 2. c4 e6 3. Nf3 c5 4. d5 d6 5. Nc3 exd5 6. cxd5 g6 7. Bf4 Bg7 8. h3 O-O 9. e3 Ne8 10. Be2 Nd7 11. O-O Ne5 12. Rc1 Bd7 13. Nd2 f5 14. Bh2 Qe7 15. Qb3 b5 16. a3 a6 17. Nf3 Nxf3+ 18. Bxf3 Be5 19. Bxe5 Qxe5 20. Ne2 a5 21. Nf4 a4 22. Qc2 Nc7 23. Rfd1 Rac8 24. Qd2 Qf6 25. g3 Rfe8 26. h4 Rb8 27. Rc2 Rb7 28. Qc1 Reb8 29. Rcd2 b4 30. Ne6 Na6 31. Qc4 Bb5 32. Qf4 Rd7 33. h5 Nc7 34. g4 Re8 35. g5 Qf7 36. hxg6 hxg6 37. axb4 cxb4 38. Qxb4 Rb8 39. Nxc7 Rxc7 40. Qxd6 Bc4 41. Qf4 Rd8 42. d6 Rcd7 43. Rd4 Bb3 44. R1d2 1-0


[Site "https://www.chess.com"]

[Event "Titled Tuesday Blitz February 21 Early 2023"]
[White "Hakobyan, Aram"]
[Black "Ibarra Jerez, Jose Carlos"]
[WhiteFideId "13306677"]
[BlackFideId "2226332"]
[WhiteElo "2608"]
[BlackElo "2563"]
[Result "1-0"]
[Round "11"]
[TimeControl "180+2"]
[Date "2023.02.21"]
[WhiteClock "0:00:54"]
[BlackClock "0:00:09"]

1. e4 c5 2. Nf3 Nc6 3. Bb5 e6 4. Bxc6 bxc6 5. d3 Qc7 6. e5 f6 7. Bf4 fxe5 8. Nxe5 d6 9. Nf3 e5 10. Bg3 Nf6 11. O-O Be7 12. Nbd2 O-O 13. Re1 Nd5 14. c3 Rb8 15. d4 exd4 16. cxd4 cxd4 17. Nxd4 Rxb2 18. Nc4 Rb4 19. Rc1 Ba6 20. Ne6 Qc8 21. Nxf8 Rxc4 22. Rxc4 Bxc4 23. Ne6 Qa6 24. Qg4 Bf6 25. Nxg7 Qa5 26. Re8+ Kf7 27. Qe6+ Kxg7 28. Rg8+ Kh6 29. Qh3+ 1-0


[Site "https://www.chess.com"]

[Event "Titled Tuesday Blitz February 21 Early 2023"]
[White "Rakhmanov, Aleksandr"]
[Black "Erigaisi Arjun"]
[WhiteFideId "4173708"]
[BlackFideId "35009192"]
[WhiteElo "2632"]
[BlackElo "2701"]
[Result "0-1"]
[Round "11"]
[TimeControl "180+2"]
[Date "2023.02.21"]
[WhiteClock "0:00:02"]
[BlackClock "0:00:46"]

1. c4 Nf6 2. Nc3 e5 3. Nf3 Nc6 4. e4 Bc5 5. Nxe5 Nxe5 6. d4 Bb4 7. dxe5 Nxe4 8. Qf3 Qh4 9. g3 Ng5 10. Qf4 Qxf4 11. gxf4 Ne4 12. Bd2 Nxd2 13. Kxd2 d6 14. a3 Bc5 15. Nb5 Kd8 16. b4 Bxf2 17. exd6 cxd6 18. Nxd6 Kc7 19. Nb5+ Kb8 20. Ke2 Bh4 21. Kf3 Bd7 22. Rg1 Bc6+ 23. Kg4 Bf6 24. Rd1 h5+ 25. Kf5 Re8 26. Bg2 Bh4 27. Bxc6 g6+ 28. Rxg6 fxg6+ 29. Kxg6 bxc6 30. Nd6 Rd8 31. f5 Kc7 32. c5 Be7 33. f6 Bxd6 34. cxd6+ Rxd6 35. Rf1 Kd7 36. h4 Rd4 0-1


[Site "https://www.chess.com"]

[Event "Titled Tuesday Blitz February 21 Early 2023"]
[White "Galchenko, Matvey"]
[Black "Makarian, Rudik"]
[WhiteFideId "24175480"]
[BlackFideId "44105681"]
[WhiteElo "2438"]
[BlackElo "2545"]
[Result "1-0"]
[Round "11"]
[TimeControl "180+2"]
[Date "2023.02.21"]
[WhiteClock "0:00:10"]
[BlackClock "0:00:08"]

1. e4 c5 2. c3 d5 3. exd5 Nf6 4. d4 Nxd5 5. Nf3 e6 6. Bd3 Be7 7. O-O cxd4 8. cxd4 O-O 9. Nc3 Nc6 10. Re1 Nxc3 11. bxc3 b6 12. Qe2 Bb7 13. Qe4 g6 14. Qg4 Bf6 15. Bh6 Bg7 16. Bg5 Qc8 17. Qh4 f6 18. Bd2 Ne7 19. Qg4 Nf5 20. h4 Qd7 21. h5 Qf7 22. hxg6 hxg6 23. Re2 Rfe8 24. Rae1 Rad8 25. Qh3 Qd7 26. g4 Ne7 27. Rxe6 Bd5 28. R6e3 Bf7 29. c4 Nc6 30. d5 Rxe3 31. Rxe3 Ne7 32. Nh4 b5 33. Bb4 Nc8 34. Nxg6 bxc4 35. Nf8 cxd3 36. Qh7# 1-0


[Site "https://www.chess.com"]

[Event "Titled Tuesday Blitz February 21 Early 2023"]
[White "Bharath Subramaniyam H"]
[Black "Kramnik, Vladimir"]
[WhiteFideId "46634827"]
[BlackFideId "4101588"]
[WhiteElo "2517"]
[BlackElo "2753"]
[Result "0-1"]
[Round "11"]
[TimeControl "180+2"]
[Date "2023.02.21"]
[WhiteClock "0:00:08"]
[BlackClock "0:00:33"]

1. e4 c5 2. Nf3 e6 3. g3 d5 4. exd5 exd5 5. d4 Nf6 6. Bg2 Be7 7. O-O O-O 8. dxc5 Bxc5 9. Bg5 Nc6 10. Nc3 Be6 11. Na4 Be7 12. Be3 Qa5 13. c3 Bg4 14. Qb3 Rfe8 15. Nd4 Rac8 16. Nxc6 bxc6 17. Qc2 c5 18. Nxc5 Rxc5 19. b4 Qxb4 20. Bxc5 Qxc5 21. Rfe1 Be6 22. Rab1 h5 23. Qa4 Rc8 24. Re2 Qxc3 25. Qxa7 Bc5 26. Qa6 Ne4 27. Rf1 h4 28. Kh1 Nxf2+ 29. Rexf2 Bxf2 30. Rxf2 hxg3 31. hxg3 Qxg3 32. Rf1 Rc2 33. Qa8+ Kh7 34. Be4+ dxe4 35. Qxe4+ f5 36. Qxc2 Bd5+ 0-1


[Site "https://www.chess.com"]

[Event "Titled Tuesday Blitz February 21 Early 2023"]
[White "Madaminov, Mukhiddin"]
[Black "Deac, Bogdan-Daniel"]
[WhiteFideId "14210703"]
[BlackFideId "1226380"]
[WhiteElo "2422"]
[BlackElo "2700"]
[Result "0-1"]
[Round "11"]
[TimeControl "180+2"]
[Date "2023.02.21"]
[WhiteClock "0:00:02"]
[BlackClock "0:00:04"]

1. d4 Nf6 2. Nc3 d5 3. Bf4 a6 4. e3 e6 5. g4 Bb4 6. Bg2 O-O 7. g5 Nfd7 8. Ne2 Re8 9. h4 c5 10. a3 Ba5 11. dxc5 Bc7 12. b4 b6 13. Bxc7 Qxc7 14. e4 d4 15. Qxd4 bxc5 16. bxc5 Nxc5 17. O-O Rd8 18. Qc4 Nbd7 19. Rfd1 Bb7 20. Rab1 Rac8 21. Na4 Nxa4 22. Qxa4 Nc5 23. Qc4 h6 24. gxh6 gxh6 25. Qc3 Rxd1+ 26. Rxd1 Bxe4 27. Ng3 Bxg2 28. Nh5 f5 29. Kxg2 Kh7 30. Nf6+ Kg6 31. Kh3 Kf7 32. Nh5 Rg8 33. Qf6+ Ke8 34. Re1 Qc6 35. Ng3 Qf3 36. Rxe6+ Nxe6 37. Qxe6+ Kf8 38. Qxh6+ Kf7 39. Qh7+ Rg7 40. Qxf5+ Qxf5+ 41. Nxf5 Rg6 42. Ne3 Rc6 43. c4 Rb6 44. Nd5 Rb3+ 0-1


[Site "https://www.chess.com"]

[Event "Titled Tuesday Blitz February 21 Early 2023"]
[White "Kamsky, Gata"]
[Black "Kovalenko, Igor"]
[WhiteFideId "2000024"]
[BlackFideId "14117908"]
[WhiteElo "2665"]
[BlackElo "2674"]
[Result "1/2-1/2"]
[Round "11"]
[TimeControl "180+2"]
[Date "2023.02.21"]
[WhiteClock "0:00:09"]
[BlackClock "0:01:12"]

1. d4 Nf6 2. Bf4 b6 3. e3 Bb7 4. Nf3 d6 5. h3 Nbd7 6. a4 a6 7. Nbd2 c5 8. c3 g6 9. Bd3 Bg7 10. Qe2 O-O 11. O-O Re8 12. e4 Qc7 13. Rfe1 Nh5 14. Bh2 e5 15. dxe5 Nxe5 16. Nxe5 Bxe5 17. Bxe5 dxe5 18. g3 Ng7 19. Bc4 h5 20. h4 Re7 21. Rad1 Kh7 22. Nf3 f6 23. Qd2 Bc6 24. Qd6 Ne8 25. Qxc7 Rxc7 26. Bd5 Raa7 27. Bxc6 Rxc6 28. Rd8 Nd6 29. Nd2 Kg7 30. Rd1 b5 31. axb5 axb5 32. f3 Kf7 33. Nf1 Nc4 34. b3 Na5 35. Rb8 Nxb3 36. Rxb5 c4 37. Ne3 Ke6 38. Nxc4 Rxc4 39. Rxb3 Rc6 40. Kf2 Ra2+ 41. Ke3 Rg2 42. Rdb1 Rxg3 43. Rb6 Kd6 44. Rxc6+ Kxc6 45. Rb8 Kd7 46. Kf2 Rh3 47. Rg8 Rxh4 48. Rxg6 Rf4 49. Rh6 h4 50. Kg2 Kc6 51. Rh8 Kb5 52. Rc8 Kb6 53. c4 Kb7 54. Rg8 Kc7 55. Rh8 Kb6 56. Rc8 f5 57. exf5 Rxf5 58. c5+ Kb5 59. c6 Rg5+ 60. Kh3 Rg3+ 61. Kxh4 Rxf3 62. Re8 Kxc6 63. Rxe5 Rc3 64. Kg4 Rc5 65. Rxc5+ Kxc5 1/2-1/2


[Site "https://www.chess.com"]

[Event "Titled Tuesday Blitz February 21 Early 2023"]
[White "Bacrot, Etienne"]
[Black "Andreikin, Dmitry"]
[WhiteFideId "605506"]
[BlackFideId "4158814"]
[WhiteElo "2667"]
[BlackElo "2729"]
[Result "0-1"]
[Round "11"]
[TimeControl "180+2"]
[Date "2023.02.21"]
[WhiteClock "0:00:11"]
[BlackClock "0:00:26"]

1. d4 Nf6 2. Nf3 e6 3. c4 d5 4. Nc3 c6 5. Bg5 h6 6. Bxf6 Qxf6 7. Qb3 Qe7 8. g3 Qb4 9. Bg2 Nd7 10. O-O dxc4 11. Qc2 Be7 12. Rad1 O-O 13. Nd2 Nb6 14. a3 Qa5 15. Nce4 e5 16. Nxc4 Nxc4 17. Qxc4 Be6 18. Qc2 exd4 19. Rxd4 Rad8 20. Rfd1 Rxd4 21. Rxd4 Qe1+ 22. Bf1 Rd8 23. Rxd8+ Bxd8 24. Qc3 Qb1 25. Nd2 Qd1 26. Qd3 Bf6 27. Ne4 Qa1 28. Nxf6+ gxf6 29. b4 Bh3 30. e4 b5 31. g4 Bxf1 32. Qxf1 Qxa3 33. Qe1 c5 34. bxc5 Qxc5 35. Qd2 Kg7 36. h4 b4 37. Qd3 Qc3 38. Qd6 Qe1+ 39. Kh2 Qxf2+ 40. Kh3 Qf3+ 41. Qg3 Qxg3+ 42. Kxg3 b3 43. g5 b2 44. g6 fxg6 45. h5 gxh5 46. e5 fxe5 0-1


[Site "https://www.chess.com"]

[Event "Titled Tuesday Blitz February 21 Early 2023"]
[White "Howell, David W L"]
[Black "Rustemov, Alexander"]
[WhiteFideId "410608"]
[BlackFideId "4119002"]
[WhiteElo "2677"]
[BlackElo "2525"]
[Result "1-0"]
[Round "11"]
[TimeControl "180+2"]
[Date "2023.02.21"]
[WhiteClock "0:00:14"]
[BlackClock "0:00:06"]

1. c4 g6 2. d4 Bg7 3. Nf3 d6 4. g3 c5 5. Bg2 Nc6 6. dxc5 Qa5+ 7. Bd2 Qxc5 8. Bc3 Bxc3+ 9. Nxc3 Qxc4 10. Nd5 Kf8 11. O-O Be6 12. Nd2 Qd4 13. e3 Qc5 14. Rc1 Qa5 15. b4 Qd8 16. b5 Na5 17. Nc7 Rc8 18. Nxe6+ fxe6 19. Nf3 Rxc1 20. Qxc1 h6 21. Nd4 Kf7 22. Bh3 e5 23. Ne6 Qe8 24. f4 Nf6 25. fxe5 dxe5 26. a4 Qb8 27. Qd2 b6 28. Qa2 h5 29. Ng5+ Kg7 30. Qf7+ Kh6 31. Qxe7 Kxg5 32. Rxf6 Kh6 33. Bf5 Rg8 34. Qf7 Qe8 35. Rxg6+ Rxg6 36. Qxe8 1-0


[Site "https://www.chess.com"]

[Event "Titled Tuesday Blitz February 21 Early 2023"]
[White "Pichot, Alan"]
[Black "Shimanov, Aleksandr"]
[WhiteFideId "110973"]
[BlackFideId "4198603"]
[WhiteElo "2638"]
[BlackElo "2581"]
[Result "0-1"]
[Round "11"]
[TimeControl "180+2"]
[Date "2023.02.21"]
[WhiteClock "0:01:18"]
[BlackClock "0:01:08"]

1. e4 d5 2. exd5 Qxd5 3. Nc3 Qe5+ 4. Be2 Bg4 5. d4 Bxe2 6. Ngxe2 Qa5 7. O-O Nf6 8. b4 Qh5 9. Nf4 Qxd1 10. Rxd1 e6 11. a3 Nbd7 12. Nb5 Bd6 13. c4 a6 14. Nc3 Nb6 15. d5 Nxc4 16. dxe6 Be5 17. Rd3 Rd8 18. Ra2 Rxd3 19. Nxd3 Bxc3 20. exf7+ Kxf7 21. Rc2 Nd5 22. Nf4 Re8 23. g3 Ncb6 24. a4 Nxf4 25. Bxf4 Nxa4 26. Bxc7 b5 0-1


[Site "https://www.chess.com"]

[Event "Titled Tuesday Blitz February 21 Early 2023"]
[White "Zemlyanskii, Ivan"]
[Black "Svane, Rasmus"]
[WhiteFideId "24249971"]
[BlackFideId "4657101"]
[WhiteElo "2300"]
[BlackElo "2623"]
[Result "1-0"]
[Round "11"]
[TimeControl "180+2"]
[Date "2023.02.21"]
[WhiteClock "0:00:18"]
[BlackClock "0:00:09"]

1. d4 Nf6 2. c4 e6 3. Bf4 d5 4. Nc3 c5 5. Nf3 dxc4 6. e4 cxd4 7. Nxd4 Nc6 8. Nxc6 Qxd1+ 9. Rxd1 bxc6 10. Bxc4 Bb4 11. f3 Nd7 12. Be3 Nb6 13. Bb3 Ba6 14. Kf2 O-O 15. Ne2 Rfc8 16. Rc1 Be7 17. Bc5 Bf6 18. Nc3 Nd7 19. Be3 Ne5 20. Rc2 Nd3+ 21. Kg3 c5 22. Ba4 Nxb2 23. Bb5 Bxb5 24. Nxb5 Nd3 25. Rd1 c4 26. f4 e5 27. f5 Be7 28. Nc3 Bc5 29. Nd5 Bxe3 30. Nxe3 Nb4 31. Rxc4 Nxa2 32. Rxc8+ Rxc8 33. Nc4 f6 34. Nd6 Rd8 35. Ra1 Nc3 36. Ra3 Rxd6 37. Rxc3 Rd8 38. Rc6 Ra8 39. Ra6 Kf7 40. Kh4 Ke7 41. g4 Kd7 42. g5 fxg5+ 43. Kxg5 Kc7 44. h4 Kb7 45. Ra1 a5 46. h5 a4 47. h6 gxh6+ 48. Kxh6 Kc6 49. Kxh7 a3 50. f6 a2 51. f7 Kd6 52. Kg7 Kc5 53. Rxa2 Rxa2 54. f8=Q+ Kd4 55. Qb4+ Kd3 56. Qb3+ Kxe4 57. Qxa2 Kf5 58. Qf2+ Ke6 59. Qe2 e4 60. Kg6 e3 61. Kg5 Kd5 62. Kg4 Kd4 63. Kf3 Kc3 64. Qxe3+ Kc2 65. Ke4 Kd1 66. Qf2 Kc1 67. Kd3 Kb1 68. Kc3 Ka1 69. Qb2# 1-0


[Site "https://www.chess.com"]